AoeStats
← Chuleta

Black Forest

510028380Analyzed
4v4 RM · 2d ago on Sep 29, 2026· 53m 5s· 8 players
Game mode
Random Map
Map size
Large (8 player)
Population
200
Speed
Normal
Resources
Standard
Victory
Conquest
Starting age
Dark Age
Ending age
Imperial Age
RankedLock teamsTeams togetherTeam positionsShared explorationLock speedFull tech treeHidden civsTurbo modeCheats
Victory
Defeat
🇦🇷 Persians · Argentina
1394
+11
🇦🇷 Burmese · Argentina
1342
+14
🇦🇷 Khmer · Argentina
1317
+15
🇦🇷 Saxons · Argentina
1226
+18
🇵🇪 Mongols · Peru
1383
-18
🇦🇷 Bulgarians · Argentina
1273
-14
🇦🇷 Khmer · Argentina
1248
-13
🇦🇷 Celts · Argentina
1243
-13
InnerFire
11:23 Feudal Age
12:17 Double-Bit Axe
13:28 Horse Collar
15:15 Loom
18:31 Wheelbarrow
22:25 Castle Age
20:39 Gold Mining
21:36 Stone Mining
23:52 Hand Cart
28:30 Gold Shaft Mining
28:31 Stone Shaft Mining
28:42 Squires
30:04 Gambesons
32:25 Pikeman
35:40 Imperial Age
35:58 Scale Mail Armor
36:09 Forging
35:53 Halberdier
37:01 Chain Mail Armor
37:42 Capped Ram
39:56 Conscription
40:59 Fletching
47:35 Bagains
GuilleGodoy95
0:55 Loom
15:50 Feudal Age
18:39 Castle Age
17:16 Double-Bit Axe
18:23 Horse Collar
26:50 Light Cavalry
28:53 Husbandry
29:17 Bloodlines
36:03 Wheelbarrow
43:39 Pikeman
45:20 Hand Cart
Caramandunga robada
0:26 Loom
9:40 Feudal Age
10:17 Double-Bit Axe
16:31 Fishing Lines
20:40 Wheelbarrow
22:24 Castle Age
23:41 Gold Mining
24:20 Bow Saw
24:09 Gillnets
25:23 Gold Shaft Mining
24:44 Stone Mining
27:44 Imperial Age
26:54 Stone Shaft Mining
26:33 Forging
26:24 Scale Mail Armor
27:05 Forging
27:00 Scale Barding Armor
28:21 Iron Casting
28:14 Bloodlines
28:04 Husbandry
28:47 Conscription
29:48 Chain Barding Armor
30:05 Elite Steppe Lancer
30:39 Horse Collar
32:53 Blast Furnace
31:53 Horse Collar
32:41 Hand Cart
34:05 Heavy Plow
36:05 Nomads
35:28 Elite Skirmisher
38:39 Ballistics
48:05 Light Cavalry
48:50 Caravan
49:01 Pikeman
49:41 Squires
50:36 Scale Mail Armor
Chuleta
5:56 Loom
9:31 Feudal Age
17:31 Castle Age
15:42 Double-Bit Axe
18:43 Bow Saw
19:19 Horse Collar
19:34 Gold Mining
22:06 Heavy Plow
24:45 Gold Shaft Mining
24:02 Stone Mining
25:23 Wheelbarrow
28:15 Stone Shaft Mining
32:00 Imperial Age
32:09 Capped Ram
33:00 Siege Ram
33:44 Fishing Lines
35:54 Conscription
35:45 Furor Celtica
35:35 Heavy Scorpion
47:29 Chemistry
46:50 Ballistics
50:44 Siege Engineers
Zy.Esplendido
0:36 Loom
12:59 Feudal Age
19:54 Castle Age
18:07 Gold Mining
18:10 Man-at-Arms
19:02 Horse Collar
19:41 Scale Mail Armor
19:48 Arson
20:37 Long Swordsman
22:49 Sanctity
31:30 Imperial Age
35:13 Block Printing
35:11 Redemption
36:46 Two-Handed Swordsman
37:26 Squires
37:12 Gambesons
37:50 Champion
38:49 Chain Mail Armor
39:25 Forging
41:00 Plate Mail Armor
41:18 Iron Casting
41:52 Heavy Plow
42:28 Gold Shaft Mining
43:23 Pikeman
45:13 Blast Furnace
46:31 Halberdier
48:43 Scale Barding Armor
51:06 Chain Barding Armor
50:48 Husbandry
51:31 Light Cavalry
52:21 Bloodlines
52:47 Plate Barding Armor
zY.Thorfinn
11:03 Feudal Age
12:49 Double-Bit Axe
14:01 Loom
15:56 Horse Collar
18:20 Castle Age
16:07 Double-Bit Axe
16:24 Fishing Lines
16:40 Horse Collar
19:54 Stone Mining
22:56 Bow Saw
24:15 Gold Mining
24:16 Loom
24:44 Scale Mail Armor
26:43 Wheelbarrow
28:29 Gold Shaft Mining
27:59 Heavy Plow
30:52 Chain Mail Armor
33:40 Imperial Age
31:18 Squires
32:02 Forging
31:40 Gambesons
32:29 Hand Cart
31:39 Clerical Recruitment
33:45 Iron Casting
34:09 Shield Wall
35:21 Plate Mail Armor
34:38 Arson
35:37 Conscription
35:19 Elite Hearth Troop
36:11 Pikeman
37:17 Fletching
37:55 Halberdier
38:29 Halberdier
40:24 Murder Holes
41:30 Chemistry
40:50 Ballistics
44:03 Bodkin Arrow
44:26 Masonry
51:08 Arson
51:54 Gambesons
ZY-Franco
5:30 Loom
10:54 Feudal Age
12:23 Double-Bit Axe
15:06 Castle Age
14:27 Horse Collar
16:27 Husbandry
16:39 Bow Saw
22:52 Fishing Lines
23:24 Gold Mining
23:55 Gillnets
25:23 Wheelbarrow
25:41 Heavy Plow
26:51 Gold Shaft Mining
26:48 Bloodlines
26:59 Stone Mining
27:08 Town Watch
27:52 Hand Cart
32:13 Imperial Age
29:59 Scale Barding Armor
30:04 Forging
30:48 Forging
30:59 Chain Barding Armor
32:38 Iron Casting
31:58 Cavalier
33:21 Plate Barding Armor
33:35 Coinage
33:44 Caravan
35:28 Blast Furnace
34:36 Savar
35:19 Caravan
35:51 Banking
35:21 Caravan
46:13 Conscription
47:38 Two-Man Saw
47:10 Crop Rotation
47:19 Stone Shaft Mining
ZY_Heizerd
0:49 Loom
13:44 Feudal Age
17:34 Castle Age
16:44 Horse Collar
16:52 Double-Bit Axe
21:50 Wheelbarrow
23:04 Bow Saw
23:20 Elite Skirmisher
24:44 Heavy Plow
30:05 Imperial Age
28:27 Hand Cart
28:55 Fletching
29:51 Bodkin Arrow
29:57 Padded Archer Armor
30:51 Fortified Wall
32:06 Ballistics
32:06 Bracer
33:15 Chemistry
32:23 Town Watch
33:57 Crop Rotation
36:07 Scale Barding Armor
36:12 Forging
37:12 Chain Barding Armor
36:58 Elite Battle Elephant
37:49 Bloodlines
37:40 Husbandry
39:40 Plate Barding Armor
46:36 Caravan
48:26 Coinage
51:08 Banking
Connection lost

Rejoining the realm…

Still unreachable

The connection could not be restored.

Session expired

The server has moved on; the page needs a fresh start.